 Dungeon Crawl Stone Soup version 0.21.1-1-g345015f (webtiles) character file.

288 cultivahabas the Caller (level 6, 0/41 HPs)
             Began as a Mummy Summoner on May 2, 2018.
             Was an Initiate of Sif Muna.
             Killed by divine providence
             ... invoked by an orc priest
              (15 damage)
             ... on level 5 of the Dungeon.
             The game lasted 00:18:13 (8576 turns).

cultivahabas the Caller (Mummy Summoner)            Turns: 8576, Time: 00:18:13

Health: 0/41       AC:  6    Str: 19    XL:     6   Next: 9%
Magic:  3/13       EV: 12    Int: 16    God:    Sif Muna [......]
Gold:   312        SH:  0    Dex: 19    Spells: 4/14 levels left

rFire    x . .     SeeInvis .   k - +4 quarterstaff (chaos)
rCold    + . .     Gourm    .   (shield currently unavailable)
rNeg     + + +     Faith    .   d - +1 robe of Bedevilment {Str+7 Dex+4} (curse)
rPois    ∞         Spirit   .   (no helmet)
rElec    .         Reflect  .   e - scarf {repulsion}
rCorr    .         Harm     .   j - +2 pair of gloves
MR       .....                  (no boots)
Stlth    ++........             (no amulet)
HPRegen  0.13/turn              i - +3 ring of dexterity
MPRegen  0.13/turn              (no ring)

@: repel missiles
A: no food or potions, fire vulnerability, cold resistance 1, negative energy
resistance 3, torment resistance, unbreathing
a: Renounce Religion


You were on level 5 of the Dungeon.
You worshipped Sif Muna.
Sif Muna was noncommittal.
You were not hungry.

You visited 1 branch of the dungeon, and saw 5 of its levels.

You collected 312 gold pieces.

Inventory:

Hand Weapons
 k - a +4 quarterstaff of chaos (weapon)
Missiles
 c - 155 stones (quivered)
Armour
 a - a +0 robe
 d - the cursed +1 robe of Bedevilment (worn) {Str+7 Dex+4}
   (You found it on level 4 of the Dungeon)

   It affects your strength (+7).
   It affects your dexterity (+4).
   It has a curse placed upon it.
 e - a scarf of repulsion (worn)
 j - a +2 pair of gloves (worn)
 l - a +0 cloak
Jewellery
 g - an uncursed amulet of the gourmand
 i - a +3 ring of dexterity (left hand)
 n - an uncursed amulet of rage
Scrolls
 f - 4 scrolls of identify
 h - 2 scrolls of remove curse
 m - a scroll of immolation {unknown}
 o - a scroll of enchant armour {unknown}
Books
 b - a book of Callings

   Spells                             Type                      Level
   a - Summon Small Mammal            Summoning                    1
   b - Call Imp                       Summoning                    2
   c - Call Canine Familiar           Summoning                    3
   d - Summon Guardian Golem          Hexes/Summoning              3
   e - Summon Lightning Spire         Summoning/Air                4
   f - Summon Ice Beast               Ice/Summoning                4


   Skills:
 - Level 1.5 Dodging
 - Level 1.5 Stealth
 + Level 4.7 Spellcasting
 * Level 5.1 Summonings
 * Level 1.4 Ice Magic


You had 4 spell levels left.
You knew the following spells:

 Your Spells              Type           Power        Failure   Level  Hunger
a - Summon Small Mammal   Summ           ###.         1%          1    N/A
b - Call Imp              Summ           ###.....     2%          2    N/A
c - Call Canine Familiar  Summ           ###.....     5%          3    N/A
d - Summon Ice Beast      Ice/Summ       ##......     36%         4    N/A

Dungeon Overview and Level Annotations

Branches:
Dungeon (5/15)             Temple (0/1) D:5

Altars:
Sif Muna


Innate Abilities, Weirdness & Mutations

You do not eat or drink.
Your flesh is vulnerable to fire.
You are immune to poison.
Your flesh is cold resistant. (rC+)
You are immune to negative energy. (rN+++)
You are immune to unholy pain and torment.
You can survive without breathing.


Message History

The orc priest barely misses your crimson imp.
Your crimson imp hits the orc priest.
Your crimson imp blinks!
Your hound bites the orc priest.
Your hound bites the orc priest but does no damage.
Your white imp hits the orc priest but does no damage.
The orc priest hits your hound with a club.
Your hound misses the orc priest.
Your white imp barely misses the orc priest.
The orc priest hits your hound with a club.
Your hound bites the orc priest.
Your hound bites the orc priest.
The orc priest closely misses your hound.
Your hound bites the orc priest but does no damage.
Your crimson imp blinks!
Your hound barely misses the orc priest.
Your crimson imp hits the orc priest but does no damage.
The orc priest invokes the aid of Beogh against you.
Beogh smites you!
You die... # ## .# # # .# #o # .. o#o

# .. #.#
####.###########o#
#... ...#.....5h5#
#.##.##.#(##.@..5#
####.##.........##.##
..##.#####.#.#####.#
..[..#####.#.#####.#
#.##.......#.......#
#.##.###############
#.##.# #.##.# #.##.#


You could see an orc priest, a friendly hound, 2 friendly crimson imps and a
friendly white imp.

Vanquished Creatures
  A worker ant (D:4)
  3 adders (D:4)
  2 leopard geckos (D:4)
  3 bats
  A jackal (D:5)
  2 kobolds
  A quokka (D:5)
  A leopard gecko skeleton (D:4)
14 creatures vanquished.

Vanquished Creatures (collateral kills)
  An ice beast (D:5)
  A centaur (D:5)
  A crimson imp (D:5)
  A hound (D:4)
  Crazy Yiuf (D:2)
  A bullfrog skeleton (D:5)
  A worker ant (D:2)
  2 adders
  A shadow imp (D:5)
  An ooze (D:1)
  A worm (D:2)
  6 leopard geckos
  An orc (D:4)
  2 ball pythons (D:2)
  2 giant cockroaches (D:3)
  5 goblins
  6 hobgoblins
  9 jackals
  9 kobolds
  2 quokkas (D:3)
  5 bats
  9 rats
68 creatures vanquished.

Grand Total: 82 creatures vanquished

Notes
Turn   | Place    | Note
-------+----------+-------------------------------------------
     0 | D:1      | cultivahabas the Mummy Summoner began the quest for the Orb.
     0 | D:1      | Reached XP level 1. HP: 13/13 MP: 4/4
   400 | D:1      | Reached XP level 2. HP: 19/19 MP: 0/6
   682 | D:1      | Learned a level 2 spell: Call Imp
  2164 | D:2      | Reached XP level 3. HP: 3/24 MP: 0/7
  2451 | D:2      | Found a runed door.
  2611 | D:2      | Reached skill level 4 in Summonings
  2787 | D:2      | Learned a level 3 spell: Call Canine Familiar
  4092 | D:2      | Noticed Crazy Yiuf
  4101 | D:2      | Killed Crazy Yiuf
  4101 | D:2      | Reached XP level 4. HP: 30/30 MP: 1/9
  7103 | D:4      | Got a fabulously ornate robe
  7114 | D:4      | Identified the cursed +1 robe of Bedevilment {Str+7 Dex+4} (You found it on level 4 of the Dungeon)
  7286 | D:4      | Found a deep blue altar of Sif Muna.
  7289 | D:4      | Became a worshipper of Sif Muna the Loreminder
  7295 | D:4      | Learned a level 4 spell: Summon Ice Beast
  7508 | D:4      | Reached XP level 5. HP: 35/35 MP: 8/11
  7583 | D:5      | Entered Level 5 of the Dungeon
  7585 | D:5      | Found a staircase to the Ecumenical Temple.
  7680 | D:5      | Noticed an ice beast
  7698 | D:5      | Killed an ice beast
  7698 | D:5      | Reached skill level 5 in Summonings
  7698 | D:5      | Reached skill level 1 in Ice Magic
  7716 | D:5      | Noticed a centaur
  7918 | D:5      | Killed a centaur
  7918 | D:5      | Reached XP level 6. HP: 16/41 MP: 1/13
  8576 | D:5      | Killed from afar by an orc priest

Skill      XL: |  1  2  3  4  5 |
---------------+----------------+-----
Spellcasting   | 3 4 |  4.7
Summonings     | 4 5 |  5.1
Ice Magic      | 1 |  1.4
Dodging        | |  1.5
Stealth        | |  1.5

Action                   |  1- 3 |  4- 6 || total
-------------------------+-------+-------++-------
Melee: Unarmed           |    27 |       ||    27
       Quarterstaff      |       |    32 ||    32
Throw: Stone             |       |     8 ||     8
 Cast: Summon Small Mamm |    36 |       ||    36
       Call Imp          |    38 |    37 ||    75
       Call Canine Famil |     6 |    10 ||    16
  Use: Scroll            |       |     9 ||     9
 Stab: Sleeping          |       |     1 ||     1
Armor: Robe              |    15 |    19 ||    34
Dodge: Dodged            |    57 |    32 ||    89
       Deflected         |       |     3 ||     3
